Map: 2000 Atmospheres LE

Players

Synystyr

  • Race: Terran Terran
  • League: Diamond

Rhayne - Winner!

  • Race: Protoss Protoss
  • League: Diamond

VOD

Have the link to the VOD?

Description

Time

  • Played on: Aug. 11, 2021, 11:36 p.m.
  • Length: 4:51
Show
View Real Time Build Order
Export as new Build Order

Synystyr Terran 

Build Orders:  

Get SALT Encoding   

  12  0:00  SCV  
  13  0:12  SCV  
  14  0:17  Supply Depot  
  14  0:24  SCV  
  15  0:38  SCV  
  15  0:40  Barracks  
  16  0:45  Refinery  
  16  0:50  SCV  
  17  1:02  Barracks  
  17  1:06  SCV  
  18  1:19  SCV  
  19  1:28  Barracks Tech Lab  
  19  1:29  Marine  
  19  1:31  Orbital Command  
  20  1:47  Barracks Tech Lab  
  20  1:49  Marine  
  21  1:58  Supply Depot  
  22  2:05  Concussive Shells  
  22  2:06  Marauder  
  23  2:20  SCV, Marine  
  25  2:26  Supply Depot  
  25  2:27  Marauder  
  27  2:32  SCV  
  28  2:41  Factory  
  28  2:42  Marine  
  29  2:48  Marine  
  30  2:52  Bunker  
  30  2:54  SCV  
  30  2:57  Bunker  
  31  3:00  Refinery  
  31  3:03  Marine  
  32  3:06  Marine  
  32  3:10  SCV  
  34  3:13  Supply Depot  
  29  3:30  Starport  
  24  3:39  Marine x2  
  24  3:40  Factory Reactor  
  24  3:41  SCV  
  23  4:05  SCV, Marine  
  23  4:06  Marine  
  22  4:17  SCV  
  25  4:26  Marine x2  
Show
View Real Time Build Order
Export as new Build Order

Rhayne Protoss - Winner!

Build Orders: Proxy Void Ray 

Get SALT Encoding   

  12  0:01  Probe  
  13  0:13  Probe  
  14  0:18  Pylon  
  14  0:25  Probe  
  15  0:36  Gateway  
  15  0:39  Probe (Chrono Boost)  
  16  0:47  Assimilator  
  16  0:51  Probe (Chrono Boost)  
  17  0:59  Probe (Chrono Boost)  
  17  1:04  Assimilator  
  18  1:05  Probe  
  19  1:17  Probe  
  20  1:23  Cybernetics Core  
  20  1:29  Probe  
  21  1:34  Pylon  
  21  1:37  Pylon  
  21  2:00  Stargate  
  21  2:02  Stalker (Chrono Boost)  
  23  2:08  Shield Battery  
  23  2:10  Warp Gate  
  23  2:19  Shield Battery  
  22  2:30  Stalker (Chrono Boost)  
  25  2:37  Void Ray (Chrono Boost)  
  25  2:42  Shield Battery  
  29  2:52  Shield Battery  
  29  3:00  Shield Battery  
  29  3:08  Void Ray (Chrono Boost)  
  33  3:43  Void Ray (Chrono Boost)  
  37  4:00  Shield Battery  
  37  4:12  Shield Battery  
  37  4:15  Shield Battery  
  37  4:17  Shield Battery  
  37  4:22  Pylon  
Tags
 
Add a new tag
Caveats
  • Supply blocks, unpowered buildings, or Contaminate may cause inaccurate times.
  • Supply counts are checked every 10 seconds.